 Dungeon Crawl Stone Soup version 0.18.1-5-g4a78601 (webtiles) character file.

158 dracos369 the Poker (level 5, 0/38 HPs)
             Began as a Merfolk Skald on May 13, 2016.
             Slain by Prince Ribbit (5 damage)
             ... on level 5 of the Dungeon.
             The game lasted 00:08:34 (2992 turns).

dracos369 the Poker (Merfolk Skald)                 Turns: 2992, Time: 00:08:35

Health: 0/38       AC:  7    Str: 13    XL:     5   Next: 39%
Magic:  8/8        EV: 10    Int: 11    God:
Gold:   135        SH:  0    Dex: 14    Spells: 3 memorised, 2 levels left

rFire  + . .     SeeInvis .     a - +0 spear
rCold  . . .     Gourm    .     e - +2 ring mail {rF+}
rNeg   . . .     Faith    .     (no shield)
rPois  .         Spirit   .     (no helmet)
rElec  .         Dismiss  .     (no cloak)
rCorr  .         Reflect  .     (no gloves)
SustAt .         Harm     .     (no boots)
MR     .....                    (no amulet)
Stlth  +.........               (no ring)
                                (no ring)

@: not resistant to hostile enchantments, very unstealthy
A: change form in water, swift swim
a: no special abilities


You were on level 5 of the Dungeon.
You were not hungry.

You visited 1 branch of the dungeon, and saw 5 of its levels.

You collected 135 gold pieces.

Inventory:

Hand Weapons
 a - a +0 spear (weapon)
Armour
 b - a +0 leather armour
 e - a +2 ring mail of fire resistance (worn)
 p - a +0 robe
Jewellery
 j - a cursed -3 ring of strength {unknown}
Scrolls
 n - a scroll of remove curse
Potions
 h - a potion of flight
Books
 c - a book of Battle

   Spells                             Type                      Level
   a - Infusion                       Charms                       1
   b - Shroud of Golubria             Charms/Translocation         2
   c - Song of Slaying                Charms                       2
   d - Spectral Weapon                Hexes/Charms                 3
   e - Regeneration                   Charms/Necromancy            3
Comestibles
 d - 3 bread rations
 g - 3 fruits
 i - a slice of pizza
 l - a meat ration


   Skills:
 - Level 2.1 Fighting
 * Level 6.4 Polearms
 + Level 0.9 Armour
 - Level 1.3 Dodging
 - Level 2.0 Spellcasting
 + Level 1.9 Hexes
 + Level 3.9 Charms


You had 2 spell levels left.
You knew the following spells:

 Your Spells              Type           Power        Failure   Level  Hunger
a - Infusion              Chrm           #...         14%         1    ##.....
c - Spectral Weapon       Hex/Chrm       #.......     69%         3    ####...
g - Shroud of Golubria    Chrm/Tloc      #.........   52%         2    ###....


Dungeon Overview and Level Annotations

Branches:
Dungeon (4/15)
 Temple: D:4-7

Altars:

Annotations:
D:3 Purgy; Sigmund; grom234's ghost, amateur OgAM
D:4 Dowan; Duvessa
D:5 Prince Ribbit


Message History

h - a potion of flight A hound and a crimson imp come into view.
The crimson imp shouts!
Prince Ribbit hits you! Prince Ribbit closely misses you.
The crimson imp blinks!
There is a stone staircase leading down here.
Prince Ribbit hits you!
Read which item? (? for menu, Esc to quit)
Okay, then.
Read which item? (? for menu, Esc to quit)
As you read the scroll labeled SYNTO BOEDDER, it crumbles to dust.
It is a scroll of enchant armour.
Enchant which item? (? for menu, Esc to quit)
Your +1 ring mail of fire resistance glows green for a moment.
Prince Ribbit barely misses you. The iguana bites you!
* * * LOW HITPOINT WARNING * * *
Prince Ribbit hits you.
You die...

.. ...
#...
#####....
##@.#..###
#Flh......
##>.......
#........
#........
##........
#...."....
##.....5..
#........


You could see Prince Ribbit, an iguana, a hound and a crimson imp.

Vanquished Creatures
  A hound (D:4)
  Ijyb (D:2)
  4 adders (D:2)
  2 oozes (D:2)
  A worm (D:2)
  2 giant geckos (D:1)
  5 bats
  5 giant cockroaches
  5 goblins
  8 hobgoblins
  3 jackals (D:1)
  4 kobolds
  2 quokkas (D:2)
  A ball python (D:2)
  5 giant newts
  3 rats (D:2)
52 creatures vanquished.

Notes
Turn   | Place    | Note
--------------------------------------------------------------
     0 | D:1      | dracos369 the Merfolk Skald began the quest for the Orb.
     0 | D:1      | Reached XP level 1. HP: 16/16 MP: 3/3
   217 | D:1      | Reached skill level 4 in Polearms
   217 | D:1      | Reached XP level 2. HP: 21/22 MP: 5/5
   933 | D:1      | Reached XP level 3. HP: 27/27 MP: 6/6
   940 | D:1      | Learned a level 2 spell: Shroud of Golubria
   944 | D:1      | Learned a level 3 spell: Spectral Weapon
  1025 | D:2      | Reached skill level 5 in Polearms
  1370 | D:2      | Reached skill level 1 in Hexes
  1381 | D:2      | Noticed Ijyb
  1408 | D:2      | Killed Ijyb
  1408 | D:2      | Reached XP level 4. HP: 9/33 MP: 2/7
  1837 | D:2      | Reached skill level 6 in Polearms
  2167 | D:2      | Reached XP level 5. HP: 38/38 MP: 8/8
  2276 | D:3      | Noticed grom234's ghost (amateur OgAM)
  2648 | D:3      | Noticed Sigmund
  2672 | D:4      | Noticed Duvessa
  2681 | D:4      | Noticed Dowan
  2944 | D:3      | Noticed Purgy
  2982 | D:3      | You fall through a shaft for 2 floors!
  2982 | D:5      | Entered Level 5 of the Dungeon
  2982 | D:5      | Noticed Prince Ribbit
  2992 | D:5      | Slain by Prince Ribbit

Skill      XL: |  1  2  3  4 |
---------------+-------------+-----
Polearms       | 4 5 6 |  6.4
Hexes          | 1 |  1.9
Fighting       | |  2.1
Armour         | |  0.9
Dodging        | |  1.3
Spellcasting   | |  2.0
Charms         | |  3.9

Action                   |  1- 3 |  4- 6 || total
-------------------------+-------+-------++-------
Melee: Spear             |   163 |    96 ||   259
       Tailslap          |     1 |       ||     1
 Cast: Infusion          |     2 |     3 ||     5
  Use: Potion            |     2 |       ||     2
       Scroll            |       |     4 ||     4
 Stab: Sleeping          |     1 |       ||     1
  Eat: Chunk             |     2 |     3 ||     5
       Beef jerky        |       |     1 ||     1
Armor: Leather armour    |    35 |       ||    35
       Ring mail         |       |    24 ||    24
Dodge: Dodged            |    73 |    34 ||   107
